 Dungeon Crawl Stone Soup version 0.31-a0-263-ge8cad7f256 (webtiles) character file.

Game seed: 11518730968100430139

110553 dolemite99 the Anamnesiscian (level 16, 0/114 HPs)
             Began as a Demonspawn Shapeshifter on July 14, 2023.
             Was an Elder of Hepliaklqana.
             Killed from afar by a deep elf zephyrmancer (17 damage)
             ... with a bolt of lightning
             ... on level 1 of the Elven Halls.
             The game lasted 00:55:10 (35300 turns).

dolemite99 the Anamnesiscian (DsSh)                Turns: 35300, Time: 00:55:10

Health: 0/114      AC: 17    Str: 22    XL:     16   Next: 7%
Magic:  25/25      EV:  8    Int: 16    God:    Hepliaklqana [****..]
Gold:   295        SH: 21    Dex: 15    Spells: 14/17 levels left

rFire   + .          .
                       - Unarmed
rCold   . . .        o - +0 kite shield
rNeg    . . .        k - +7 chain mail of Card Tricks {rF+ Stlth+}
rPois   .            (helmet currently unavailable)
rElec   .            (cloak currently unavailable)
rCorr   .            (gloves currently unavailable)
SInv    +            (boots currently unavailable)
Will    +....        p - amulet of reflection Stlth
                     t - +6 ring of intelligence
HPRegen 0.39/turn    F - ring of see invisible
MPRegen 0.19/turn

%: random rage (9%), reflection
@: beast-form, on berserk cooldown, slowed, studying Stealth, unable to read,
very slow
A: beast (slay +7), reduced essence, large bone plates 2, foul stench 3, demonic
magic 2, weakness stinger 2, inability to read after injury 1, [berserk 2],
[teleportitis 1], [subdued magic 2]
a: Begin Untransformation, Renounce Religion, Recall Ancestor, Ancestor
Identity, Transference, Idealise


You were on level 1 of the Elven Halls.
You worshipped Hepliaklqana.
Hepliaklqana was greatly pleased with you.
You were a hulking beast.
You visited 4 branches of the dungeon, and saw 23 of its levels.
You visited the Abyss 1 time.

You collected 1986 gold pieces.
You spent 1691 gold pieces at shops.

Inventory:

Hand Weapons
 a - a +3 vampiric dagger
 n - the +8 whip of Chaos {drain, rF+ Will++}
   (You found it on level 14 of the Dungeon)

   rF:        It protects you from fire.
   Will:      It greatly increases your willpower.
 A - a +2 whip of flaming
Missiles
 u - 3 javelins (quivered)
 w - 4 throwing nets
 C - 3 boomerangs
 L - 2 poisoned darts
Armour
 d - a +0 helmet
 k - the +7 chain mail of Card Tricks (worn) {rF+ Stlth+}
   (You found it on level 1 of the Elven Halls)

   rF:        It protects you from fire.
   Stlth:     It makes you more stealthy.
 o - a +0 kite shield (worn)
 q - a +0 cloak
 s - a +0 helmet
 x - a +1 pair of gloves
 D - a +0 plate armour
 E - a +3 chain mail of fire resistance
 I - the +11 plate armour of the Pit {Int+3}
   (You found it on level 11 of the Dungeon)

   Int:       It affects your intelligence (+3).
Jewellery
 b - a ring of protection from fire
 m - an amulet of the acrobat
 p - an amulet of reflection (around neck)
 t - a +6 ring of intelligence (left hand)
 y - a ring of ice
 F - a ring of see invisible (right hand)
 G - a ring of poison resistance
 J - the ring "Otobriahagg" {*Corrode Fly Will+ Str+4 Dex+3}
   (You found it on level 5 of the Lair of Beasts)

   [ring of willpower]

   Str:       It affects your strength (+4).
   Dex:       It affects your dexterity (+3).
   Fly:       It grants you flight.
   *Corrode:  It may corrode you when you take damage.
   Will:      It increases your willpower.
 O - a ring of positive energy
Talismans
 c - a beast talisman
Wands
 j - a wand of mindburst (10)
 B - a wand of paralysis (9)
 H - a wand of digging (11)
 P - a wand of flame (9)
 Q - a wand of iceblast (1)
Scrolls
 h - 2 scrolls of vulnerability
 l - 2 scrolls of fog
 U - 2 scrolls of teleportation
Potions
 e - 3 potions of brilliance
 f - 7 potions of curing
 i - a potion of haste
 r - a potion of cancellation
 v - 4 potions of berserk rage
 K - 2 potions of enlightenment
 M - a potion of lignification
 R - a potion of attraction
 S - a potion of might


   Skills:
 + Level 11.9 Fighting
 - Level 2.2 Maces & Flails
 - Level 5.9 Throwing
 - Level 7.5 Armour
 - Level 1.7 Dodging
 - Level 7.5 Shields
 - Level 11.8 Unarmed Combat
 - Level 1.0 Spellcasting
 - Level 9.3 Hexes
 - Level 12.4 Invocations
 - Level 9.3 Evocations
 - Level 10.0 Shapeshifting


You had 14 spell levels left.
You knew the following spells:

 Your Spells              Type           Power      Damage    Failure   Level
a - Confusing Touch       Hex            19%        N/A       11%         3

Your spell library contained the following spells:

 Spells                   Type           Power      Damage    Failure   Level
 Slow                     Hex            76%        N/A       3%          1
 Ensorcelled Hibernation  Hex/Ice        18%        N/A       38%         2
 Dazzling Flash           Conj/Hex       18%        N/A       63%         3
 Anguish                  Hex/Necr       4%         N/A       96%         4
 Cigotuvi's Dreadful Rot  Necr/Pois/Air  0%         N/A       97%         2
 Poisonous Vapours        Pois/Air       0%         N/A       97%         2
 Ignite Poison            Fire/Tmut/Pois 0%         N/A       99%         3
 Mephitic Cloud           Conj/Pois/Air  0%         N/A       99%         3
 Ozocubu's Armour         Ice            0%         N/A       99%         3
 Vampiric Draining        Necr           0%         2d6       99%         3
 Agony                    Necr           0%         N/A       100%        5
 Freezing Cloud           Conj/Ice/Air   0%         6-21      100%        5
 Silence                  Hex/Air        4%         N/A       100%        5
 Ozocubu's Refrigeration  Ice            0%         4d7       100%        7


Dungeon Overview and Level Annotations

Branches:
Dungeon (15/15)            Temple (0/1) D:7            Lair (5/5) D:9
 Shoals (0/4) Lair:2        Snake (0/4) Lair:2        Slime (0/5) Lair:4
    Orc (2/2) D:12            Elf (1/3) Orc:2        Vaults (0/5) D:14
 Depths (0/4) D:15

Altars:
Ashenzari
Dithmenos
Fedhas
Hepliaklqana
Kikubaaqudgha
Makhleb
Okawaru
Ru
Trog
Uskayaw
Vehumet
Wu Jian
Yredelemnul
Jiyva

Shops:
D:2 [   D:6 (   D:15 [   Orc:2 *:*[([![=

Annotations:
D:10 exclusion: oklob sapling
Lair:4 exclusion: oklob plant


Innate Abilities, Weirdness & Mutations

You are a hulking beast.
Your limbs bulge with bestial killing power. (Slay +7)
Your life essence is reduced to manifest your ancestor. (-10% HP)
You are mostly covered in large bone plates. (SH +6)
You frequently emit foul miasma when damaged in melee.
Spells you cast may paralyse nearby enemies.
You have a tail ending in a sharp stinger.
You occasionally lose the ability to read scrolls when taking damage.
[You have an uncontrollable temper.]
[You are occasionally teleported next to monsters.]
[Your spells are easier to cast, but less powerful.]


Message History

Xiloxoch burns the small abomination.
You pummel the small abomination!!
You destroy the small abomination!
The substance of the Abyss twists violently, and a gateway leading out appears!
You feel the corruption within you wane somewhat.
You feel stable.
You lose the ability to read scrolls when taking damage less often.
The hellion gestures at you.
The sphere of damnation explodes!
The damnation engulfs you!!
The damnation engulfs Xiloxoch!!
The hellion gestures at you.
The sphere of damnation explodes!
The damnation engulfs you!!
You feel threatened and lose the ability to read scrolls!
* * * LOW HITPOINT WARNING * * *
The damnation engulfs Xiloxoch!!
Xiloxoch is destroyed!
You pass through the gate.
Welcome back to the Elven Halls!
You block the deep elf sorcerer's attack.
The deep elf zephyrmancer gestures at you while chanting.
The bolt of lightning misses you.
The deep elf zephyrmancer casts a spell.
The deep elf zephyrmancer blinks!
A deep elf zephyrmancer comes into view.
It is wielding a +0 short sword.
You hear a shout!
You feel better.
You block the deep elf sorcerer's attack.
You feel better.
The deep elf sorcerer mumbles some strange words.
The deep elf sorcerer seems to speed up.
The deep elf zephyrmancer points at you and mumbles some strange words.
The bolt of lightning hits you!!
* * * LOW HITPOINT WARNING * * *
The deep elf sorcerer barely misses you.
You hear a shout!
You feel better.
You block the deep elf sorcerer's attack.
The deep elf zephyrmancer gestures at you while chanting.
The bolt of lightning hits you!
You die...

#.# #........#. ##'##
##......### ##...##
#####'## # ##.....## #.#
# ##.......# #.# #
##........# #.# #
#........)######.####
####...e.....#..........
..[e...h.....+..........
####....)....#.#######.#
#.....e...#.# #.#
##........#.# #.#
##......##.# #.#
##....###'## ###+#
#+#.....(.####....
#........##.....
#...............


You could see a deep elf sorcerer (fast) and 2 deep elf zephyrmancers.

Vanquished Creatures
  Saint Roka (Orc:2)
  Gastronok (Lair:2)
  A caustic shrike zombie (D:15)
  An orc warlord (Orc:2)
  A deep elf annihilator (Elf:1)
  A lorocyproca (Abyss:2)
  6 hydras
  2 catoblepae (Lair:5)
  2 centaur warriors
  3 boulder beetles
  An ogre mage (D:15)
  4 two-headed ogres
  Urug (D:13)
  10 death yaks
  An orc high priest (Orc:2)
  3 thrashing horrors (Abyss:2)
  A storm dragon zombie (D:15)
  2 wretched stars (Abyss:2)
  3 deep elf knights (Elf:1)
  A shadow wraith (Abyss:2)
  A sixfirhy (Abyss:2)
  2 skysharks
  2 skeletal warriors (D:15)
  2 deep elf zephyrmancers (Elf:1)
  6 deep elf pyromancers (Elf:1)
  4 orc knights
  4 orc sorcerers
  7 ugly things
  3 manticores
  8 cyclopes
  A fire giant zombie (D:15)
  7 elephants
  A large abomination (Abyss:2)
  A black mamba (Lair:5)
  2 gargoyles (D:12)
  8 cane toads
  A dire elephant skeleton (Abyss:2)
  A rime drake (Lair:1)
  2 kobold demonologists (D:12)
  A rime drake (shapeshifter) (D:14)
  A tengu conjurer (D:14)
  7 komodo dragons
  5 trolls
  A hornet (D:7)
  3 polar bears
  7 blink frogs (Lair:3)
  A dream sheep (Lair:5)
  A raiju (Abyss:2)
  7 slime creatures
  An air elemental (Elf:1)
  2 basilisks
  4 wraiths
  3 fire bats (Abyss:2)
  4 wyverns
  30 yaks
  A vampire (D:10)
  5 humans
  Grum (D:8)
  A steam dragon (Lair:2)
  2 vampire mosquitoes (D:13)
  Menkaure (D:7)
  Edmund (D:5)
  3 nagas (Lair:2)
  3 wargs (Orc:2)
  7 water moccasins
  An acid dragon (D:11)
  Duvessa (D:4)
  20 orc warriors
  3 black bears
  2 ice beasts
  2 sky beasts
  A hornet zombie (D:6)
  9 wolves
  2 ogres
  11 centaurs
  3 small abominations (Abyss:2)
  3 kobold brigands
  2 phantoms
  6 bullfrogs
  A gnoll sergeant (D:10)
  6 scorpions
  4 wights (D:7)
  Dowan (D:4)
  15 killer bees
  6 howler monkeys
  3 lava snakes (D:14)
  4 hounds
  16 orc priests
  3 gnoll boudas
  2 jellies
  2 sleepcaps
  Jessica (D:3)
  2 iguanas (D:4)
  17 orc wizards
  Natasha (twice) (D:2)
  3 hell rats (Lair:5)
  A killer bee zombie (D:6)
  Robin (D:4)
  25 gnolls
  9 adders
  3 river rats (Lair:5)
  2 shadow imps (D:6)
  A white imp (D:6)
  2 ufetubi
  A worm (D:2)
  4 dart slugs
  41 orcs
  3 bats
  6 endoplasms
  5 giant cockroaches
  19 goblins
  12 hobgoblins
  3 jackals (D:4)
  14 kobolds
  5 quokkas
  10 ball pythons
  7 frilled lizards
  14 rats
  A lurking horror (Abyss:2)
555 creatures vanquished.

Vanquished Creatures (collateral kills)
  A centaur warrior (D:13)
  2 catoblepae (Lair:5)
  Erica (Orc:1)
  2 two-headed ogres
  A tengu warrior (D:13)
  2 death yaks (Lair:5)
  An orc high priest (Orc:2)
  A thrashing horror (Abyss:2)
  A deep elf knight (Elf:1)
  A skyshark (Lair:4)
  A sixfirhy (Abyss:2)
  2 deep elf pyromancers
  2 deep elf zephyrmancers (Elf:1)
  A phantasmal warrior (D:15)
  2 deep elf archers
  A necromancer (D:15)
  2 cyclopes
  2 orc sorcerers (Orc:2)
  A mana viper (Abyss:2)
  6 ugly things
  4 manticores
  2 elephants
  3 orange demons (D:14)
  A black mamba (Lair:5)
  2 cane toads
  A water nymph (Lair:2)
  A gargoyle (D:12)
  Joseph (Lair:1)
  A smoke demon (Abyss:2)
  Maggie (D:9)
  A spriggan zombie (D:15)
  2 kobold demonologists (D:12)
  A rime drake (Lair:2)
  3 komodo dragons
  7 trolls
  A blink frog (Lair:3)
  3 wyverns
  6 slime creatures
  A water elemental (Elf:1)
  A vampire (Abyss:2)
  2 basilisks
  11 yaks
  2 steam dragons
  8 humans
  A neqoxec (Abyss:2)
  2 vampire mosquitoes (D:13)
  An acid dragon (D:10)
  4 water moccasins
  A black bear (Lair:1)
  An ice beast (D:7)
  5 orc warriors
  An ogre (Orc:2)
  4 wolves
  A centaur (D:13)
  A kobold brigand (D:12)
  2 bullfrogs
  4 scorpions (D:14)
  3 killer bees (D:11)
  4 howler monkeys
  A lava snake (D:14)
  A quasit (Abyss:2)
  5 orc priests
  A gnoll bouda (Orc:2)
  Natasha (D:2)
  A hell rat (Lair:5)
  12 orc wizards
  5 gnolls
  A river rat (Lair:5)
  21 orcs
  2 ball pythons (D:10)
  2 goblins (D:9)
  A hobgoblin (D:9)
  4 kobolds (D:8)
  2 rats (Lair:5)
194 creatures vanquished.

Vanquished Creatures (others)
  A deep elf pyromancer (Elf:1)
  A human (D:14)
  15 knights
  7 ancestors
  A gnoll (Orc:2)
  A goblin (D:4)
26 creatures vanquished.

Grand Total: 775 creatures vanquished

Notes
Turn   | Place    | Note
-------+----------+-------------------------------------------
     0 | D:1      | dolemite99 the Demonspawn Shapeshifter began the quest for
                  | the Orb.
     0 | D:1      | Reached XP level 1. HP: 16/16 MP: 1/1
   242 | D:1      | Gained mutation: You have a small tail. [demonic ancestry]
   242 | D:1      | Reached XP level 2. HP: 19/22 MP: 2/2
   554 | D:1      | Gained mutation: You are partially covered in large bone
                  | plates. (SH +4) [demonic ancestry]
   554 | D:1      | Reached XP level 3. HP: 26/27 MP: 3/3
  1218 | D:2      | Noticed Natasha
  1228 | D:2      | Killed Natasha
  1229 | D:2      | Reached XP level 4. HP: 8/33 MP: 4/4
  1585 | D:2      | Found Zuvadgha's Armour Shop.
  1754 | D:2      | Noticed Natasha
  1758 | D:2      | Killed Natasha
  2197 | D:3      | Noticed Jessica
  2204 | D:3      | Killed Jessica
  2205 | D:3      | Gained mutation: You are mostly covered in large bone
                  | plates. (SH +6) [demonic ancestry]
  2205 | D:3      | Reached XP level 5. HP: 29/38 MP: 5/5
  2281 | D:3      | Found a sacrificial altar of Ru.
  2347 | D:3      | Found a shadowy altar of Dithmenos.
  2384 | D:3      | Became a worshipper of Ru the Awakened
  2543 | D:3      | Found an ornate altar of the Wu Jian Council.
  2868 | D:4      | Noticed Robin
  2963 | D:4      | Noticed a sky beast
  2976 | D:4      | Killed a sky beast
  2977 | D:4      | Reached XP level 6. HP: 19/44 MP: 6/6
  3412 | D:4      | Killed Robin
  3481 | D:4      | Noticed Duvessa
  3481 | D:4      | Noticed Dowan
  3493 | D:4      | Killed Duvessa
  3494 | D:4      | Reached skill level 5 in Unarmed Combat
  3494 | D:4      | Gained mutation: Spells you cast may paralyse adjacent
                  | enemies. [demonic ancestry]
  3494 | D:4      | Reached XP level 7. HP: 50/50 MP: 7/7
  3504 | D:4      | Killed Dowan
  3605 | D:4      | Found a hazy altar of Hepliaklqana.
  3676 | D:4      | Fell from the grace of Ru
  3676 | D:4      | Became a worshipper of Hepliaklqana the Forgotten
  3690 | D:4      | Found a radiant altar of Vehumet.
  3736 | D:4      | Found a broken altar of Ashenzari.
  3904 | D:5      | Entered Level 5 of the Dungeon
  4425 | D:5      | Noticed Edmund
  4445 | D:5      | Killed Edmund
  4446 | D:5      | Reached skill level 5 in Shapeshifting
  5347 | D:5      | Reached XP level 8. HP: 55/56 MP: 8/8
  5441 | D:5      | Found a burning altar of Makhleb.
  6289 | D:6      | Reached skill level 1 in Shields
  6549 | D:6      | Reached skill level 1 in Throwing
  7265 | D:6      | Reached * piety under Hepliaklqana
  7386 | D:6      | Reached XP level 9. HP: 50/54 MP: 9/9
  7460 | D:6      | Found a basalt altar of Yredelemnul.
  7515 | D:6      | Found an ancient bone altar of Kikubaaqudgha.
  7542 | D:6      | Found Wycvits's Antique Weapon Shoppe.
  7885 | D:7      | Found a staircase to the Ecumenical Temple.
  8303 | D:7      | Reached skill level 5 in Shields
  8438 | D:7      | Noticed Menkaure
  8445 | D:7      | Killed Menkaure
  8446 | D:7      | Reached skill level 5 in Throwing
  8446 | D:7      | Paralysed by a hornet for 2 turns
  9541 | D:2      | Bought a +3 chain mail of fire resistance for 291 gold
                  | pieces
  9568 | D:2      | Noticed Natasha
  9572 | D:2      | Killed Natasha
 10036 | D:8      | Noticed Grum
 10057 | D:8      | Killed Grum
 10420 | D:8      | Gained mutation: You may rarely emit foul miasma when
                  | damaged in melee. [demonic ancestry]
 10420 | D:8      | Reached XP level 10. HP: 63/63 MP: 10/10
 10754 | D:8      | Reached ** piety under Hepliaklqana
 10755 | D:8      | Remembered your ancestor Xiloxoch as a knight
 11133 | D:8      | Reached skill level 5 in Fighting
 11165 | D:8      | Noticed a two-headed ogre
 11191 | D:8      | Killed a two-headed ogre
 11784 | D:9      | Found a flagged portal.
 12105 | D:9      | Noticed an elephant
 12127 | D:9      | Killed an elephant
 12136 | D:9      | Noticed Maggie
 12148 | D:9      | Killed Maggie
 12202 | D:9      | Found a staircase to the Lair.
 12263 | D:9      | Reached XP level 11. HP: 80/80 MP: 11/11
 12624 | D:9      | Found a blossoming altar of Fedhas.
 12672 | D:9      | Found a bloodstained altar of Trog.
 12772 | Lair:1   | Entered Level 1 of the Lair of Beasts
 12989 | Lair:1   | Noticed Joseph
 12992 | Lair:1   | Noticed a boulder beetle
 13029 | Lair:1   | Killed a boulder beetle
 13030 | Lair:1   | Reached skill level 5 in Armour
 13184 | Lair:1   | Killed Joseph
 13939 | Lair:2   | Noticed Gastronok
 14211 | Lair:2   | Reached *** piety under Hepliaklqana
 14283 | Lair:2   | Found a staircase to the Shoals.
 14381 | Lair:2   | Found a gate leading to a gauntlet.
 14583 | Lair:2   | Killed Gastronok
 14584 | Lair:2   | Gained mutation: Spells you cast may paralyse nearby
                  | enemies. [demonic ancestry]
 14584 | Lair:2   | Reached XP level 12. HP: 39/87 MP: 12/12
 15061 | Lair:2   | Identified the +0 leather armour of Eschemusk {Fly Int+3}
 15081 | Lair:2   | Found a staircase to the Snake Pit.
 15169 | Lair:2   | Noticed a five-headed hydra
 15216 | Lair:2   | Killed a five-headed hydra
 15937 | Lair:3   | Reached skill level 10 in Fighting
 16137 | Lair:3   | Reached **** piety under Hepliaklqana
 17466 | Lair:4   | Noticed a death yak
 17466 | Lair:4   | Noticed a death yak
 17467 | Lair:4   | Noticed a death yak
 17467 | Lair:4   | Noticed a death yak
 17468 | Lair:4   | Noticed a death yak
 17468 | Lair:4   | Noticed a death yak
 17471 | Lair:4   | Noticed an eight-headed hydra
 17488 | Lair:4   | Killed a death yak
 17493 | Lair:4   | Killed a death yak
 17494 | Lair:4   | Found a staircase to the Slime Pits.
 17496 | Lair:4   | Killed a death yak
 17497 | Lair:4   | Killed a death yak
 17514 | Lair:4   | Killed a death yak
 17775 | Lair:4   | Gained mutation: You sometimes emit foul miasma when
                  | damaged in melee. [demonic ancestry]
 17775 | Lair:4   | Reached XP level 13. HP: 92/92 MP: 13/13
 17796 | Lair:4   | Reached skill level 10 in Shapeshifting
 18129 | Lair:4   | Reached skill level 1 in Invocations
 18134 | Lair:4   | Reached skill level 2 in Invocations
 18212 | Lair:4   | Reached skill level 3 in Invocations
 18417 | Lair:4   | Found a viscous altar of Jiyva.
 18665 | Lair:5   | Entered Level 5 of the Lair of Beasts
 18676 | Lair:5   | Reached skill level 4 in Invocations
 18721 | Lair:5   | Reached skill level 5 in Invocations
 18880 | Lair:5   | Reached skill level 6 in Invocations
 18974 | Lair:5   | Reached skill level 7 in Invocations
 19490 | Lair:5   | Reached skill level 8 in Invocations
 19842 | Lair:5   | Reached ***** piety under Hepliaklqana
 20287 | Lair:5   | Reached skill level 9 in Invocations
 20582 | Lair:5   | Reached skill level 10 in Invocations
 20706 | Lair:5   | Reached skill level 11 in Invocations
 20874 | Lair:5   | Reached skill level 12 in Invocations
 21137 | Lair:5   | Identified the ring "Otobriahagg" {*Corrode Fly Will+ Str+4
                  | Dex+3}
 21285 | D:10     | Entered Level 10 of the Dungeon
 21420 | D:10     | Gained mutation: You have a tail ending in a sharp stinger.
                  | [demonic ancestry]
 21420 | D:10     | Reached XP level 14. HP: 99/99 MP: 23/23
 21430 | D:10     | Identified the +1 hand axe of Lusah {heavy, Fragile rPois
                  | Str+2 Dex+6}
 21754 | D:10     | Found a hide-covered altar of Uskayaw.
 22301 | D:10     | Learned a level 3 spell: Confusing Touch
 22535 | D:10     | Found an iron altar of Okawaru.
 22999 | D:11     | Identified the +11 plate armour of the Pit {Int+3}
 23134 | D:11     | Reached skill level 1 in Hexes
 23963 | D:12     | You fall into a shaft and drop 2 floors!
 24034 | D:12     | Found a broken altar of Ashenzari.
 24338 | D:12     | Found a staircase to the Orcish Mines.
 24529 | D:12     | Reached skill level 5 in Hexes
 24923 | Orc:1    | Entered Level 1 of the Orcish Mines
 24923 | Orc:1    | You fall into a shaft and drop 1 floor!
 24923 | Orc:2    | Entered Level 2 of the Orcish Mines
 24928 | Orc:2    | Noticed an orc warlord
 24960 | Orc:2    | Killed an orc warlord
 25498 | Orc:2    | Found Migoerr's Assorted Antiques.
 25506 | Orc:2    | Bought a scroll of blinking for 195 gold pieces
 25506 | Orc:2    | Bought a wand of iceblast (4) for 249 gold pieces
 25506 | Orc:2    | Bought a wand of digging (4) for 436 gold pieces
 25506 | Orc:2    | Bought 2 viscous white potions for 46 gold pieces
 25782 | Orc:2    | Noticed Saint Roka
 25809 | Orc:2    | Killed Saint Roka
 26968 | Orc:2    | Found Loumytus's Distillery.
 26983 | Orc:2    | Found Laismuli's Antique Armour Emporium.
 26994 | Orc:2    | Found Hol Int's Jewellery Shoppe.
 27181 | Orc:2    | Bought a potion of heal wounds for 65 gold pieces
 27181 | Orc:2    | Bought a potion of curing for 39 gold pieces
 27181 | Orc:2    | Bought a potion of might for 52 gold pieces
 27181 | Orc:2    | Bought a potion of curing for 39 gold pieces
 27362 | Orc:1    | Paralysed by an orc sorcerer for 3 turns
 27763 | Orc:1    | Noticed Erica
 27774 | Orc:1    | Killed Erica
 28227 | Orc:2    | Found Irchercha's Antique Armour Boutique.
 28282 | Orc:2    | Found Fyntubey's Antique Weapon Emporium.
 28297 | Orc:2    | Found Jutoe's Book Emporium.
 28303 | Orc:2    | Reached skill level 1 in Spellcasting
 28318 | Orc:2    | Found Tosauzu's General Store.
 28328 | Orc:2    | Bought a potion of berserk rage for 50 gold pieces
 28457 | Orc:2    | Found Doutouv's Antique Armour Emporium.
 28530 | Orc:2    | Found a staircase to the Elven Halls.
 28682 | Orc:2    | Bought a potion of heal wounds for 50 gold pieces
 28682 | Orc:2    | Bought a wand of mindburst (10) for 140 gold pieces
 28716 | Orc:2    | Bought a potion of curing for 39 gold pieces
 28781 | D:13     | Reached skill level 10 in Unarmed Combat
 29436 | D:13     | Noticed Urug
 29445 | D:13     | Killed Urug
 29837 | D:13     | Gained mutation: You frequently emit foul miasma when
                  | damaged in melee. [demonic ancestry]
 29837 | D:13     | Reached XP level 15. HP: 77/105 MP: 24/24
 30720 | D:14     | Found a gate to the Vaults.
 31019 | D:14     | Reached skill level 1 in Evocations
 31239 | D:14     | Identified the +8 whip of Chaos {drain, rF+ Will++}
 31472 | D:15     | Entered Level 15 of the Dungeon
 31556 | D:15     | Reached skill level 1 in Maces & Flails
 31647 | D:15     | Found a staircase to the Depths.
 32186 | D:15     | Reached skill level 5 in Evocations
 32559 | D:15     | Found Rati's Armour Shoppe.
 33159 | Elf:1    | Entered Level 1 of the Elven Halls
 34442 | Elf:1    | Identified the +7 chain mail of Card Tricks {rF+ Stlth+}
 34904 | Elf:1    | Noticed a deep elf sorcerer
 34908 | Abyss:2  | Cast into level 2 of the Abyss (a deep elf sorcerer)
 35088 | Abyss:2  | Gained mutation: You sometimes lose the ability to read
                  | scrolls when taking damage. [a neqoxec]
 35194 | Abyss:2  | Reached XP level 16. HP: 53/113 MP: 25/25
 35296 | Elf:1    | Escaped the Abyss
 35300 | Elf:1    | Killed from afar by a deep elf zephyrmancer

Illustrated notes

Levels and vault maps discovered:
D:1:      heliophobic_arrival_dark_side_of_the_moon, layout_loops_ring,
          wad_floor_pattern_untrapped
D:2:      layout_loops_ring, serial_shops, nicolae_square_shop, uniq_natasha
D:3:      layout_basic, amcnicky_altar_gilded, mainiacjoe_overflow_swirl,
          solitary_fountain, grunt_ministairs_14, uniq_jessica
D:4:      dreamdust_elfheim, layout_cave_pools, mainiacjoe_overflow_alcove_1,
          nicolae_overflow_quartered_altars, uniq_robin
D:5:      layout_rooms, lemuel_crystal_altar, uniq_edmund
D:6:      layout_basic, lemuel_zombie_altar_yredelemnul,
          kiku_gazebo_pond_becter, serial_shops, shop, skrybe_limestone_x,
          minmay_quadrilaterals
D:7:      layout_loops_ring, minmay_temple_entry_wispy, uniq_menkaure
D:8:      layout_basic, minmay_manual_mares, uniq_grum
D:9:      layout_loops_ring, trog_hazing_becter, fedhas_ov_isle_minmay,
          david_lair_generic, enter_bailey_8, uniq_maggie
D:10:     layout_long_grid, okawaru_humans, nicolae_uskayaw_en_pointe,
          introduction_to_nature_2
D:11:     layout_irregular_city
D:12:     layout_irregular_city, nicolae_ashenzari_skybound
D:13:     layout_irregular_city, uniq_urug
D:14:     layout_roguey, ximxim_vaults_locker_room, kennysheep_cluttered_room,
          einodemon_barbed_minivault
D:15:     gammafunk_depths_entry_grave, layout_basic, nrook_campfire,
          serial_shops, shop
Lair:1:   layout_misc_corridors, grunt_megastairs_1, uniq_joseph
Lair:2:   layout_regular_city, nicolae_shoals_entry_flooding,
          minmay_snake_entry_guardpost_medium, gauntlet_entry_generic,
          uniq_gastronok
Lair:3:   layout_cave_pods, grunt_megastairs_2
Lair:4:   layout_hall_layers, slime_entry_1, dpeg_oklob_1
Lair:5:   evilmike_catoblepas_cave, layout_long_grid,
          chequers_serial_rivers_large_b, kennysheep_abandoned_house
Orc:1:    layout_diamond_mine, serial_shops, shop, gammafunk_ghost_cemetery,
          nicolae_shop_vocational, uniq_erica, uniq_harold, uniq_erolcha
Orc:2:    grunt_orc_cross, layout_caves, serial_shops,
          nicolae_shop_hallway_plus, shop, shop,
          nicolae_shop_pleasant_corner_grove, nicolae_shop_tiny_waterfront
Elf:1:    minmay_elf_arrival_circle, layout_gridlike, minmay_elf_necromancy,
          grunt_ministairs_13, minivault_27

Skill      XL: |  1  2  3  4  5  6  7  8  9 10 11 12 13 14 15 |
---------------+----------------------------------------------+-----
Unarmed Combat | 2 3 4 5 6 7 8 9 10 11 | 11.8
Shapeshifting  | 3 4 5 7 9 10 | 10.0
Shields        | 4 6 7 |  7.5
Throwing       | 3 5 |  5.9
Fighting       | 3 9 10 11 | 11.9
Armour         | 3 6 7 |  7.5
Invocations    | 12 | 12.4
Hexes          | 9 |  9.3
Spellcasting   | 1 |  1.0
Evocations     | 9 |  9.3
Maces & Flails | 2 |  2.2
Dodging        | |  1.7

Action                     |  1- 3 |  4- 6 |  7- 9 | 10-12 | 13-15 | 16-18 || total
---------------------------+-------+-------+-------+-------+-------+-------++-------
  Melee: Unarmed           |   106 |   128 |   328 |   377 |   873 |    20 ||  1832
         Punch             |     3 |     3 |     6 |       |       |       ||    12
         Tailslap          |     5 |    12 |    46 |    80 |   198 |     6 ||   347
         Dagger            |       |       |    32 |     4 |       |       ||    36
  Throw: Dart              |       |       |    41 |    67 |    33 |       ||   141
         Boomerang         |       |       |       |   196 |   159 |       ||   355
         Javelin           |       |       |       |       |    35 |     1 ||    36
         Throwing net      |       |       |       |       |     2 |       ||     2
   Cast: Confusing Touch   |       |       |       |       |     7 |       ||     7
 Invoke: Recall Ancestor   |       |       |     1 |     5 |    29 |       ||    35
         Ancestor Life: Kn |       |       |       |     1 |       |       ||     1
         Idealise          |       |       |       |       |    22 |       ||    22
Ability: Begin Untransform |       |       |       |       |     1 |       ||     1
  Evoke: Wand              |       |       |     6 |     1 |    38 |       ||    45
    Use: Potion            |       |     2 |     6 |     4 |    19 |    10 ||    41
         Scroll            |       |     1 |    12 |     8 |    18 |       ||    39
   Stab: Sleeping          |     3 |       |       |       |       |       ||     3
         Distracted        |       |       |       |     1 |    10 |     1 ||    12
         Paralysed         |       |       |       |       |     5 |       ||     5
         Invisible         |       |       |       |       |     4 |       ||     4
         Fleeing           |       |       |       |       |     1 |       ||     1
         Held in net/web   |       |       |       |       |     1 |       ||     1
 Armour: Animal skin       |    16 |     1 |       |       |       |       ||    17
         Scale mail        |       |    28 |    68 |       |       |       ||    96
         Skin              |       |     9 |     9 |       |       |       ||    18
         Chain mail        |       |       |    14 |   113 |    97 |     4 ||   228
         Plate armour      |       |       |     1 |       |   288 |       ||   289
  Dodge: Dodged            |    62 |    57 |   127 |   103 |   188 |     2 ||   539
  Block: Other             |     8 |    32 |    26 |       |       |       ||    66
         Kite shield       |       |       |   202 |   336 |   892 |    13 ||  1443
         Reflection        |       |       |       |       |    33 |     2 ||    35
   Form: Beast             |       |       |       |       |     1 |       ||     1

Table legend: (Time is in decaauts)
 A = Elapsed time spent in this place.
 B = Non-inter-level travel time spent in this place.
 C = Inter-level travel time spent in this place.
 D = Time resting spent in this place.
 E = Time spent auto-exploring this place.
 F = Levels seen in this place.
 G = Mean time per level.
                   A        B        C        D        E       F      G
               +--------+--------+--------+--------+--------+-----+--------+
         Total |  35161 |  33660 |   1501 |  13671 |  13214 |  24 | 1465.0 |
       Dungeon |  20734 |  19656 |   1078 |   7454 |   8317 |  15 | 1382.3 |
          Lair |   8519 |   8241 |    278 |   2682 |   4015 |   5 | 1703.8 |
  Orcish Mines |   5010 |   4865 |    145 |   3185 |    798 |   2 | 2505.0 |
   Elven Halls |    528 |    528 |      0 |    284 |     84 |   1 |  528.0 |
         Abyss |    368 |    368 |      0 |     64 |      0 |   1 |  368.0 |
               +--------+--------+--------+--------+--------+-----+--------+

Top non-repeatable levels by time:
   Orc:2: 4366 daAuts
  Lair:5: 2561 daAuts
     D:6: 2192 daAuts
     D:7: 2053 daAuts
  Lair:2: 1828 daAuts
     D:8: 1685 daAuts
     D:4: 1649 daAuts
    D:15: 1588 daAuts
    D:13: 1569 daAuts
  Lair:4: 1514 daAuts
    D:10: 1426 daAuts
  Lair:1: 1342 daAuts
     D:5: 1281 daAuts
  Lair:3: 1273 daAuts
    D:14: 1194 daAuts
